 Dungeon Crawl Stone Soup version 0.27.1-37-g7b29ead8ac (webtiles) character file.

Game seed: 15574069874225345281

56 tkbsonic5 the Ducker (level 3, -9/28 HPs)
             Began as a Vampire Gladiator on Jan 13, 2024.
             Was a Follower of Qazlal.
             Killed by an exploding adder (37 damage)
             ... ignited by their inner flame
             ... on level 2 of the Dungeon.
             The game lasted 00:01:29 (1327 turns).

tkbsonic5 the Ducker (Vampire Gladiator)            Turns: 1327, Time: 00:01:31

Health: -9/28      AC:  4    Str: 14    XL:     3   Next: 71%
Magic:  3/3        EV: 13    Int: 10    God:    Qazlal [*.....]
Gold:   53         SH:  2    Dex: 15    Spells: 2/2 levels left

rFire    . . .     SeeInvis +   a - +0 long sword
rCold    . . .     Faith    .   (no shield)
rNeg     . . .     Spirit   .   b - +0 leather armour
rPois    .         Reflect  .   c - +0 helmet
rElec    .         Harm     .   (no cloak)
rCorr    .         Rampage  .   (no gloves)
Will     .....                  (no boots)
Stlth    +.........             (no amulet)
HPRegen  0.29/turn              (no ring)
MPRegen  0.08/turn              (no ring)

@: healing quickly
A: alive, fangs 3, see invisible, vampiric 2
a: Exsanguinate, Renounce Religion


You were on level 2 of the Dungeon.
You worshipped Qazlal.
Qazlal was aware of your devotion.
You visited 1 branch of the dungeon, and saw 2 of its levels.

You collected 53 gold pieces.

Inventory:

Hand Weapons
 a - a +0 long sword (weapon)
Missiles
 d - 3 throwing nets (quivered)
Armour
 b - a +0 leather armour (worn)
 c - a +0 helmet (worn)
Scrolls
 i - a scroll of magic mapping {unknown}
Potions
 f - a potion of lignification {unknown}
 g - a potion of heal wounds {unknown}
 j - a potion of attraction {unknown}


   Skills:
 * Level 2.5 Fighting
 * Level 3.6 Long Blades
 - Level 1.5 Throwing
 * Level 4.0 Dodging


You had 2 spell levels left.
You didn't know any spells.
Your spell library was empty.

Dungeon Overview and Level Annotations

Branches:
Dungeon (2/15)

Altars:
Qazlal
Trog

Shops:
D:2 (


Innate Abilities, Weirdness & Mutations

Your natural rate of healing is accelerated.
You have razor-sharp teeth.
You have supernaturally acute eyesight. (SInv)
You are afflicted with vampirism and can become a bat while bloodless.


Message History

No target in view!
No target in view!
You see here a giant cockroach corpse.
Found a scroll labelled MYTEESSESU.
There is a stone staircase leading down here.
A giant cockroach comes into view.
Found a smoky puce potion.
A giant cockroach is nearby!
A giant cockroach is nearby!
A giant cockroach is nearby!
Found a scroll labelled TIGIMU VEFEON.
Found a stone staircase leading up.
You hit the giant cockroach.
You kill the giant cockroach!
Qazlal accepts your kill.
No target in view!
No target in view!
h - a scroll labelled MYTEESSESU
Found a bloodstained altar of Trog.
i - a scroll labelled TIGIMU VEFEON
j - a smoky puce potion A rat and a kobold come into view.
The kobold shouts!
As you read the scroll labelled CIAWIAZ XUTAE, it crumbles to dust.
You hear a loud clanging noise!
It was a scroll of noise.
You hear an angry hiss.
You hear a shout!
You hear a bark!
You hear a shout!
An adder comes into view.
As you read the scroll labelled MYTEESSESU, it crumbles to dust.
The creatures around you are filled with an inner flame!
It was a scroll of immolation.
Okay, then.
The adder bites you but does no damage.
You hit the adder.
Flame seeps out of the adder.
The adder is heavily wounded.
The adder is engulfed in blazing flames.
Qazlal accepts your kill.
The adder explodes!
The fiery explosion engulfs you!!!
Ouch! That really hurt!
You die...

## .. .. ######..
##########.......
##§.Kr............
#@○#######.....###
#### ## ##.._..##
#.##.......#
#..........#
###.###...#...
#..........##.
#.<........... ##
#...........## ###
..##...........#


You could see a kobold (inner flame) and a rat (inner flame).

Vanquished Creatures
  Jessica (D:2)
  An adder (D:2)
  3 ball pythons
  3 endoplasms
  2 giant cockroaches (D:2)
  3 goblins (D:1)
  A hobgoblin (D:1)
  3 jackals (D:1)
  A kobold (D:1)
  3 quokkas
  2 bats (D:1)
  A frilled lizard (D:1)
  3 rats
27 creatures vanquished.

Notes
Turn   | Place    | Note
-------+----------+-------------------------------------------
     0 | D:1      | tkbsonic5 the Vampire Gladiator began the quest for the
                  | Orb.
     0 | D:1      | Reached XP level 1. HP: 16/16 MP: 1/1
   347 | D:1      | Found a faded altar of an unknown god.
   354 | D:1      | Reached XP level 2. HP: 22/22 MP: 2/2
   357 | D:1      | Became a worshipper of Qazlal Stormbringer
   357 | D:1      | Reached * piety under Qazlal
  1084 | D:2      | Noticed Jessica
  1094 | D:2      | Killed Jessica
  1095 | D:2      | Reached skill level 4 in Dodging
  1095 | D:2      | Gained mutation: You are afflicted with vampirism and can
                  | become a bat while bloodless. [Vampire growth]
  1095 | D:2      | Reached XP level 3. HP: 18/28 MP: 3/3
  1263 | D:2      | Found Mocoex's Antique Weapon Emporium.
  1288 | D:2      | Found a bloodstained altar of Trog.
  1327 | D:2      | Killed by an exploding adder... ignited by their inner
                  | flame

Illustrated notes

Levels and vault maps discovered:
D:1:      matt_arrival_spirals, layout_basic, ebering_ecumenical_altar_box,
          minmay_misc_feat_tower, st_stairs_4, bh_walls_and_bars
D:2:      layout_rooms, basic_altar, serial_shops, nicolae_shop_behind_doors,
          kennysheep_generic_room_13, uniq_jessica, uniq_crazy_yiuf_cottage

Skill      XL: |  1  2 |
---------------+-------+-----
Fighting       | 2 |  2.5
Dodging        | 4 |  4.0
Long Blades    | |  3.6
Throwing       | |  1.5

Action                   || total
-------------------------++-------
Melee: Long sword        ||    63
       Bite              ||     4
  Use: Scroll            ||     3
Armor: Leather armour    ||    14
Dodge: Dodged            ||    37
Block: Other             ||     2
       Rpst.: Long sword ||     9
